AoeStats
← Pillage The Village

Arabia

504320522Analyzed
1v1 RM · 27d ago on Sep 4, 2026· 54m 37s· 2 players
Game mode
Random Map
Map size
Tiny (2 player)
Population
200
Speed
Normal
Resources
Standard
Victory
Conquest
Starting age
Dark Age
Ending age
Imperial Age
RankedLock teamsTeams togetherTeam positionsShared explorationLock speedFull tech treeHidden civsTurbo modeCheats
Victory
Defeat
🇨🇭 Cumans · Switzerland
1522
+13
🇧🇪 Mongols · Belgium
1466
-13
Pillage The Village
5:42 Loom
8:26 Feudal Age
9:08 Double-Bit Axe
15:35 Forging
20:15 Castle Age
18:11 Horse Collar
19:27 Bloodlines
19:27 Scale Barding Armor
19:24 Gold Mining
20:24 Light Cavalry
21:10 Husbandry
25:36 Bow Saw
28:47 Wheelbarrow
28:01 Town Watch
29:42 Pikeman
31:17 Scale Mail Armor
33:21 Iron Casting
35:01 Chain Barding Armor
35:06 Squires
38:14 Imperial Age
36:57 Gold Shaft Mining
36:38 Chain Mail Armor
37:54 Fletching
38:25 Heavy Camel Rider
40:07 Blast Furnace
44:42 Elite Skirmisher
46:20 Bodkin Arrow
46:26 Padded Archer Armor
54:45 Ballistics
Exmatrikulatoribus Maximus
6:03 Loom
8:52 Feudal Age
9:56 Horse Collar
17:18 Wheelbarrow
20:49 Castle Age
19:18 Forging
19:54 Bloodlines
19:36 Gold Mining
20:45 Scale Barding Armor
20:54 Light Cavalry
21:49 Double-Bit Axe
22:30 Town Watch
23:14 Bow Saw
29:55 Stone Mining
34:42 Imperial Age
32:37 Fletching
33:09 Ballistics
33:12 Padded Archer Armor
34:07 Bodkin Arrow
34:48 Hand Cart
35:01 Leather Archer Armor
35:48 Conscription
35:06 Crossbowman
36:07 Thumb Ring
38:48 Chemistry
42:03 Hoardings
40:57 Hussar
42:20 Masonry
44:11 Iron Casting
44:07 Ring Archer Armor
44:29 Chain Barding Armor
45:24 Elite Kipchak
50:51 Plate Barding Armor
51:17 Blast Furnace
Connection lost

Rejoining the realm…

Still unreachable

The connection could not be restored.

Session expired

The server has moved on; the page needs a fresh start.